 Dungeon Crawl Stone Soup version 0.22-a0-42-g002c468 (webtiles) character file.

39 tidbits the Grave Robber (level 3, -1/25 HPs)
             Began as a Gnoll Necromancer on Jan 5, 2018.
             Slain by a bullfrog (4 damage)
             ... in a sewer.
             The game lasted 00:03:02 (361 turns).

tidbits the Grave Robber (Gnoll Necromancer)         Turns: 361, Time: 00:03:02

Health: -1/25      AC:  2    Str: 10    XL:     3   Next: 45%
Magic:  0/9        EV: 14    Int: 18    God:
Gold:   28         SH:  0    Dex: 15    Spells: 4/12 levels left

rFire    . . .     SeeInvis .   g - +0 falchion
rCold    . . .     Gourm    .   (no shield)
rNeg     . . .     Faith    .   a - +0 robe
rPois    .         Spirit   .   (no helmet)
rElec    .         Reflect  .   (no cloak)
rCorr    .         Harm     .   (no gloves)
MR       .....                  (no boots)
Stlth    +++.......             (no amulet)
HPRegen  0.08/turn              (no ring)
MPRegen  0.11/turn              (no ring)

@: no status effects
A: distributed training, fangs 1, strong nose
a: no special abilities


You were in a sewer.
You were not hungry.

You visited 1 branch of the dungeon, and saw 3 of its levels.
You also visited: Sewer.

You collected 28 gold pieces.

Inventory:

Hand Weapons
 e - a +0 hand axe
 g - a +0 falchion (weapon)
 h - a +0 mace
Armour
 a - a +0 robe (worn)
Scrolls
 d - a scroll of identify
Books
 b - a book of Necromancy

   Spells                             Type                      Level
   a - Pain                           Necromancy                   1
   b - Animate Skeleton               Necromancy                   1
   c - Vampiric Draining              Necromancy                   3
   d - Regeneration                   Charms/Necromancy            3
   e - Animate Dead                   Necromancy                   4
   f - Borgnjor's Vile Clutch         Necromancy/Earth             5
Comestibles
 c - a ration


   Skills:
 + Level 0.7 Fighting
 + Level 0.7 Short Blades
 + Level 0.7 Long Blades
 + Level 0.7 Axes
 + Level 0.7 Maces & Flails
 + Level 0.7 Polearms
 + Level 0.7 Staves
 + Level 0.7 Slings
 + Level 0.7 Bows
 + Level 0.7 Crossbows
 + Level 0.7 Throwing
 + Level 0.7 Armour
 + Level 4.5 Dodging
 + Level 4.1 Stealth
 + Level 0.7 Shields
 + Level 0.7 Unarmed Combat
 + Level 5.0 Spellcasting
 + Level 0.5 Conjurations
 + Level 0.5 Hexes
 + Level 0.5 Charms
 + Level 0.5 Summonings
 + Level 7.1 Necromancy
 + Level 0.5 Translocations
 + Level 0.5 Transmutations
 + Level 0.5 Fire Magic
 + Level 0.5 Ice Magic
 + Level 0.5 Air Magic
 + Level 0.5 Earth Magic
 + Level 0.5 Poison Magic
 + Level 0.9 Invocations
 + Level 0.7 Evocations


You had 4 spell levels left.
You knew the following spells:

 Your Spells              Type           Power        Failure   Level  Hunger
a - Pain                  Necr           ####         1%          1    None
d - Vampiric Draining     Necr           ####......   2%          3    ##.....
n - Animate Skeleton      Necr           N/A          1%          1    None
r - Regeneration          Chrm/Necr      ###.......   9%          3    ##.....


Dungeon Overview and Level Annotations

Branches:
Dungeon (3/15)

Altars:


Innate Abilities, Weirdness & Mutations

Your experience applies equally to all skills.
You have very sharp teeth.
Your uncanny sense of smell can sniff out nearby items.


Message History

Press: ? - help, Shift-Dir - straight line, f - frilled lizard
Aim: a frilled lizard (chance to defeat MR: 93%)
The frilled lizard writhes in agony!
You kill the frilled lizard!
Things that are here:
a ball python corpse; a giant cockroach corpse You enter the shallow water.
Moving in this stuff is going to be slow.
You enter the shallow water.
Moving in this stuff is going to be slow.
Found 21 gold pieces, a scroll labeled ZONKYON HUPH and 10 poisoned needles.
Found 8 stones.
Found 24 gold pieces.
You aren't carrying any potions.
Unknown command.
Okay, then.
You enter the shallow water.
Moving in this stuff is going to be slow.
The leopard gecko hisses angrily.
The leopard gecko hisses menacingly.
You enter the shallow water.
Moving in this stuff is going to be slow.
Found a gate leading back out of this place.
Casting: Pain
Confirm with . or Enter, or press ? or * to list all spells.
Aiming: Pain
Press: ? - help, Shift-Dir - straight line, f - leopard gecko
Aim: a leopard gecko (chance to defeat MR: 93%)
The leopard gecko writhes in agony!
You kill the leopard gecko!
You enter the shallow water.
Moving in this stuff is going to be slow.
Casting: Pain
Confirm with . or Enter, or press ? or * to list all spells.
Your skin crawls.
Your skin is crawling a little less now.
You see here a leopard gecko corpse.
Your skin stops crawling.
A bullfrog comes into view.
The bullfrog gives a loud, deep croak!
A bullfrog comes into view.
You aren't carrying any items that you can evoke.
Unknown command.
You aren't carrying any potions.
Unknown command.
As you read the scroll labeled RIOBIPL PIAR, it crumbles to dust.
It is a scroll of identify.
h - a +0 mace You aren't carrying any potions.
Unknown command.
Casting: Regeneration
Confirm with . or Enter, or press ? or * to list all spells.
Aiming: Pain
Press: ? - help, Shift-Dir - straight line, f - bullfrog
Aim: a bullfrog (water, chance to defeat MR: 84%)
The bullfrog barely resists.
The bullfrog croaks.
All of the chunks of flesh in your inventory have rotted away.
You hit the bullfrog.
The bullfrog is lightly wounded.
The bullfrog closely misses you. The bullfrog hits you!
* * * LOW HITPOINT WARNING * * *
The bullfrog hits you.
* * * LOW HITPOINT WARNING * * *
Casting: Pain
Confirm with . or Enter, or press ? or * to list all spells.
You don't know that spell.
Adjust (i)tems, (s)pells, or (a)bilities?
Adjust which spell? v - Vampiric Draining Adjust to which letter? d - Vampiric Draining
Casting: Pain
Confirm with . or Enter, or press ? or * to list all spells.
Aiming: Vampiric Draining
Press: ? - help, Shift-Dir - straight line, f/p - bullfrog
Aim: a bullfrog (lightly wounded)
The bullfrog is moderately wounded.
You feel life coursing into your body. The bullfrog closely misses you.
The bullfrog hits you!
* * * LOW HITPOINT WARNING * * *
The bullfrog closely misses you.
Casting: Vampiric Draining
Confirm with . or Enter, or press ? or * to list all spells.
Aiming: Vampiric Draining
Press: ? - help, Shift-Dir - straight line, f/p - bullfrog
Aim: a bullfrog (moderately wounded)
The bullfrog is severely wounded.
You feel life coursing into your body. The bullfrog hits you.
* * * LOW HITPOINT WARNING * * *
The bullfrog misses you. x2
You aren't carrying any potions.
Casting: Vampiric Draining
Confirm with . or Enter, or press ? or * to list all spells.
You don't have enough magic to cast that spell.
You closely miss the bullfrog. Your bite misses the bullfrog.
The bullfrog is severely wounded.
The bullfrog barely misses you. The bullfrog closely misses you. x2
The bullfrog hits you.
You die...

#.# ≈≈≈≈≈≈≈≈.≈≈≈.# #.#
#.# #≈≈≈≈≈≈≈≈≈≈≈.≈≈≈.#
#.# #.#
≈≈≈≈≈≈.≈≈≈≈≈.≈≈≈.# #∩#
#.# ≈≈≈≈≈.$≈≈≈≈≈≈≈≈≈.#
#.# #.#
≈≈≈≈.$(?≈≈≈≈≈≈≈≈.# #∩#
#.# #≈≈≈≈≈.(≈≈≈≈≈≈≈≈≈.#
#.# #.#
#≈≈≈≈≈≈≈≈≈.≈≈≈≈≈≈.# ###
#.# #≈≈≈≈≈.FF.≈≈≈≈≈≈≈.#
#.# #≈≈≈.≈.@.≈≈≈≈≈≈≈.#
#.# #≈≈∩.≈≈≈≈≈≈≈≈≈≈≈.#
#≈# #≈≈≈≈≈≈≈≈≈≈≈≈≈≈≈.#
#≈# ##≈≈≈≈≈≈≈≈≈≈≈≈≈≈.#
#≈# #≈≈≈≈≈≈≈≈≈≈≈≈≈≈.#
#≈# ##≈≈†≈≈≈≈≈≈.≈≈≈.#
#≈########≈≈≈≈≈≈≈≈.≈≈≈.#
#≈≈≈≈.≈≈≈≈≈≈≈≈≈≈..≈≈≈≈.#
#≈≈≈≈≈≈≈≈≈≈≈≈≈≈≈≈≈≈≈≈≈.#


You could see 2 bullfrogs.

Vanquished Creatures
  An adder (D:2)
  A dart slug (D:3)
  4 leopard geckos (Sewer)
  A bat (D:2)
  6 giant cockroaches (Sewer)
  3 ball pythons
  4 frilled lizards (Sewer)
  2 kobolds (D:3)
  2 rats
24 creatures vanquished.

Vanquished Creatures (collateral kills)
  A frilled lizard (Sewer)
1 creature vanquished.

Grand Total: 25 creatures vanquished

Notes
Turn   | Place    | Note
-------+----------+-------------------------------------------
     0 | D:1      | tidbits the Gnoll Necromancer began the quest for the Orb.
     0 | D:1      | Reached XP level 1. HP: 13/13 MP: 6/6
   105 | D:2      | Reached XP level 2. HP: 12/20 MP: 1/7
   109 | D:2      | Learned a level 1 spell: Animate Skeleton
   144 | D:3      | Found a glowing drain.
   176 | Sewer    | Entered a sewer
   202 | Sewer    | Reached XP level 3. HP: 9/25 MP: 0/9
   207 | Sewer    | Learned a level 3 spell: Vampiric Draining
   211 | Sewer    | Learned a level 3 spell: Regeneration
   254 | Sewer    | Reached skill level 5 in Spellcasting
   355 | Sewer    | Noticed a bullfrog
   356 | Sewer    | Noticed a bullfrog
   359 | Sewer    | HP: 2/25 [bullfrog (7)]
   361 | Sewer    | Slain by a bullfrog

Vault maps used:
D:1:      dpeg_arrival_solitude
D:2:      first_ration, hex_tiny, uniq_robin
D:3:      vehumet_crystals, led_sif_pool, overflow_temple_1_default,
          cheibrodos_sewer_entry_drain, nicolae_ru_great_annihilating_truth,
          uniq_crazy_yiuf_cottage
Sewer:    sewer_frog_island_01

Skill      XL: |  1  2  3 |
---------------+----------+-----
Spellcasting   | 5 |  5.0
Fighting       | |  0.7
Short Blades   | |  0.7
Long Blades    | |  0.7
Axes           | |  0.7
Maces & Flails | |  0.7
Polearms       | |  0.7
Staves         | |  0.7
Slings         | |  0.7
Bows           | |  0.7
Crossbows      | |  0.7
Throwing       | |  0.7
Armour         | |  0.7
Dodging        | |  4.5
Stealth        | |  4.1
Shields        | |  0.7
Unarmed Combat | |  0.7
Conjurations   | |  0.5
Hexes          | |  0.5
Charms         | |  0.5
Summonings     | |  0.5
Necromancy     | |  7.1
Translocations | |  0.5
Transmutations | |  0.5
Fire Magic     | |  0.5
Ice Magic      | |  0.5
Air Magic      | |  0.5
Earth Magic    | |  0.5
Poison Magic   | |  0.5
Invocations    | |  0.9
Evocations     | |  0.7

Action                   || total
-------------------------++-------
Melee: Hand axe          ||     5
       Falchion          ||     6
 Cast: Pain              ||    30
       Animate Skeleton  ||     2
       Vampiric Draining ||     2
       Regeneration      ||     1
  Use: Scroll            ||     1
 Stab: Sleeping          ||     2
Dodge: Dodged            ||    21
       Rpst.: Falchion   ||     1

Table legend:
 A = Spawn XP
 B = Non-spawn XP
 C = Spawn XP percentage of total XP
 D = Spawn monster count
 E = Non-spawn monster count
 F = Spawn count percentage of total count
 G = Total turns spent on level
                    A         B        C        D         E        F      G
               +---------+---------+-------+---------+---------+-------+---------
         Total |       0 |      56 |   0.0 |       0 |      25 |   0.0 |   361
               +---------+---------+-------+---------+---------+-------+---------
           D:1 |       0 |       1 |   0.0 |       0 |       1 |   0.0 |    72
           D:2 |       0 |      16 |   0.0 |       0 |       3 |   0.0 |    42
           D:3 |       0 |       8 |   0.0 |       0 |       5 |   0.0 |    62
         Sewer |       0 |      31 |   0.0 |       0 |      16 |   0.0 |   185
               +---------+---------+-------+---------+---------+-------+---------

Table legend:
 A = Turns spent in this place as a percentage of turns spent in the entire game.
 B = Non-inter-level travel turns spent in this place as a percentage of non-inter-level travel turns spent in the entire game.
 C = Inter-level travel turns spent in this place as a percentage of turns spent in this place.
 D = Turns resting spent in this place as a percentage of non-inter-level travel turns spent in this place.
 E = Turns spent auto-exploring this place as a percentage of non-inter-level travel turns spent in this place.
 F = Non-inter-level travel turns spent in this place divided by the number of levels of this place that you've seen.
                   A       B       C       D       E      F
               +-------+-------+-------+-------+-------+----------------------
         Total | 100.0 | 100.0 |   0.0 |   0.0 |   1.4 |  90.2
       Dungeon |  48.8 |  48.8 |   0.0 |   0.0 |   2.8 |  58.7
         Sewer |  51.2 |  51.2 |   0.0 |   0.0 |   0.0 | 185.0
               +-------+-------+-------+-------+-------+----------------------

Table legend:
 A = Kills in this place as a percentage of kills in entire the game.
 B = Kills by you in this place as a percentage of kills by you in the entire game.
 C = Kills by friends in this place as a percentage of kills by friends in the entire game.
 D = Other kills in this place as a percentage of other kills in the entire game.
 E = Experience gained in this place as a percentage of experience gained in the entire game.
 F = Experience gained in this place divided by the number of levels of this place that you have seen.
                   A       B       C       D       E      F
               +-------+-------+-------+-------+-------+----------------------
         Total | 100.0 | 100.0 | 100.0 |   N/A | 100.0 |  14.0
       Dungeon |  36.0 |  37.5 |   0.0 |   N/A |  44.6 |   8.3
         Sewer |  64.0 |  62.5 | 100.0 |   N/A |  55.4 |  31.0
               +-------+-------+-------+-------+-------+----------------------

Vault maps used:
D:1:      dpeg_arrival_solitude
D:2:      first_ration, hex_tiny, uniq_robin
D:3:      vehumet_crystals, led_sif_pool, overflow_temple_1_default,
          cheibrodos_sewer_entry_drain, nicolae_ru_great_annihilating_truth,
          uniq_crazy_yiuf_cottage
Sewer:    sewer_frog_island_01
